Cogmind - Beta 16 @@@ ROGUE MODE // 2026.01.01 @ 17:02:01 Player: Compilatron Result: Destroyed by KN-7UR with KN-7UR's Autopenetrator Performance ------------- Evolutions (2) 1000 Regions Visited (5) 1000 Robots Destroyed (114) 570 Value Destroyed (3634) 3634 Prototype IDs (6) 120 Alien Tech Used (0) 0 Bonus (69) 69 TOTAL SCORE: 6393 Bonus ------- High Alert Combat Kills 33 Follower Combat Kills 36 Cogmind --------- Core Integrity 0/550 Matter 289/300 Energy 100/100 System Corruption 9% Temperature Cool (6) Movement Treading (330) Ox2 Location -8/Recycling Parts ------- > --- POWER (1) -------- (None) > --- PROPULSION (3) --- Armored Treads Armored Treads > --- UTILITY (4) ------ Scrap Engine High-capacity Storage Unit > --- WEAPON (3) ------- (None) > --- INVENTORY (20) --- Light Nuclear Core Carbon-fiber Leg Large Storage Unit Compact Matter Pod (150) Advanced Visual Processing Unit Advanced Visual Processing Unit Seismic Detector Improved Targeting Computer Medium Armor Plating Hardened Medium Armor Plating Hacking Suite System Shield Improved Grenade Launcher Peak State ------------ > --- POWER ------------ (None) > --- PROPULSION ------- Armored Treads Armored Treads Armored Treads > --- UTILITY ---------- Scrap Engine High-capacity Storage Unit Advanced Targeting Computer > --- WEAPON ----------- High-powered Shotgun High-powered Shotgun Heavy Flail > --- INVENTORY -------- Light Nuclear Core Light Nuclear Core Armored Treads Armored Treads Carbon-fiber Leg Large Storage Unit Compact Matter Pod Advanced Visual Processing Unit Advanced Visual Processing Unit Seismic Detector Improved Targeting Computer Medium Armor Plating Hardened Medium Armor Plating Hacking Suite System Shield Shock Rifle High-powered Shotgun Improved Grenade Launcher [Rating: 44] Favorites ----------- Power Light Nuclear Core Engine Ion Engine Power Core Light Nuclear Core Propulsion Armored Treads Treads Armored Treads Leg Improved Aluminum Leg Wheel Compact Wheel Utility High-capacity Storage Unit Device Improved Heat Sink Storage High-capacity Storage Unit Processor Advanced Targeting Computer Protection Hardened Light Armor Plating Weapon Shotgun Energy Gun Spread Laser Ballistic Gun Shotgun Impact Weapon Heavy Flail Build | -11 -10 -9 -8 -8 -8 ------- Run | Yrd Mat Mat Mat Sto Rec Slots Evolved 4 | . . 2 2 . . Power . | . . . . . . Propulsion 1 | . . . 1 . . Utility 2 | . . 2 . . . Weapon 1 | . . . 1 . . Parts Attached 69 | . 9 22 19 13 6 Power 7 | . 1 2 1 2 1 Engine 3 | . 1 2 . . . Core 4 | . . . 1 2 1 Reactor . | . . . . . . Propulsion 19 | . 3 3 8 2 3 Treads 9 | . . . 4 2 3 Leg 9 | . 3 3 3 . . Wheel 1 | . . . 1 . . Hover . | . . . . . . Flight . | . . . . . . Utility 18 | . 1 10 4 2 1 Device 5 | . 1 1 1 1 1 Storage 2 | . . 2 . . . Processor 3 | . . 2 1 . . Hackware . | . . . . . . Protection 8 | . . 5 2 1 . Artifact . | . . . . . . Weapon 25 | . 4 7 6 7 1 Energy Gun 10 | . . 3 3 4 . Energy Cannon . | . . . . . . Ballistic Gun 14 | . 4 4 3 2 1 Ballistic Cannon . | . . . . . . Launcher . | . . . . . . Special Weapon . | . . . . . . Impact Weapon 1 | . . . . 1 . Slashing Weapon . | . . . . . . Piercing Weapon . | . . . . . . Special Melee Weapon . | . . . . . . Unidentified Prototypes 4 | . . 2 1 . 1 Parts Lost 38 | . . 6 7 12 13 Power 5 | . . 1 . 2 2 Propulsion 10 | . . 3 3 1 3 Utility 8 | . . 1 1 3 3 Weapon 15 | . . 1 3 6 5 Highest Loss Streak 13 | . . 3 4 4 13 To Critical Strikes . | . . . . . . Average Backups 15 | . 7 12 18 17 17 Power 1 | . . . 2 1 1 Propulsion 2 | . 3 1 1 3 3 Utility 7 | . . 5 10 8 9 Weapon 3 | . 2 4 4 3 2 Tool/Special . | . . . . . . Unused Backups 25 | . 3 5 7 . 10 Power 5 | . . 1 3 . 1 Propulsion 2 | . 2 . . . . Utility 13 | . . 3 2 . 8 Weapon 5 | . 1 1 2 . 1 Tool/Special . | . . . . . . Average Slot Usage (%) 95 | . 96 97 92 93 96 Engine 5 | . 14 10 2 . . Core 4 | . . . 6 8 8 Treads 11 | . . . 13 25 26 Leg 11 | . 28 20 7 . . Wheel 1 | . . . 5 . . Device 9 | . 10 11 7 7 8 Storage 9 | . 14 11 9 9 9 Processor 9 | . . 11 9 9 8 Protection 9 | . . 10 10 8 8 Energy Gun 7 | . . 9 3 13 . Ballistic Gun 13 | . 28 11 17 10 17 Impact Weapon 1 | . . . . . 8 Peak Build Rating 44 | . 12 20 36 36 44 Average Rating 23 | . 9 16 26 32 34 On Entrance 19 | 6 6 12 20 36 34 Avg Prop Armor Cover (%) 11 | . . . 11 . 25 Naked Turns . | . . . . . . Heaviest Build 67 | 10 17 64 67 66 60 Greatest Support 60 | 20 26 26 60 60 60 Greatest Overweight (x) 18 | . . 2 18 3 2 Average Overweight (x) 1 | . . . 2 . . Largest Inventory Capacity 20 | . 8 20 20 20 20 Average Capacity 17 | . 8 14 20 20 20 Most Carried 20 | . 8 20 20 20 20 Average Carried 15 | . 7 12 18 17 18 Final Capacity 20 | 8 8 20 20 20 20 Final Carried 20 | 6 8 18 20 15 13 Class Distribution -------------------- 69% | Mutant 18% | Gunner 4% | Skirmisher 3% | Commander-Mutant Dominant Class ---------------- Mutant | -10/Materials Mutant | -9/Materials Mutant | -8/Materials Gunner | -8/Storage Mutant | -8/Recycling Resources | -11 -10 -9 -8 -8 -8 ----------- Run | Yrd Mat Mat Mat Sto Rec Matter Collected 2613 | 189 49 869 830 545 131 Remotely . | . . . . . . Salvage Created 4597 | . 86 1173 1112 1857 369 Parts 255 | . 8 80 62 97 8 Haulers Intercepted 11 | . . 4 4 3 . Recyclers Shooed 2 | . . . 1 1 . Parts Field Recycled . | . . . . . . Retrieved Matter . | . . . . . . Parts Self-Destructed . | . . . . . . Prevented . | . . . . . . Parts Restored . | . . . . . . Kills | -11 -10 -9 -8 -8 -8 ------- Run | Yrd Mat Mat Mat Sto Rec Combat Hostiles Destroyed 80 | . 2 31 13 31 3 Melee 1 | . . . . . 1 Guns 71 | . 2 31 13 25 . AOE 3 | . . . . 3 . Classes Destroyed 15 | . 1 5 7 1 1 Worker 3 | . . . 2 1 . Builder 5 | . . . 4 1 . Tunneler 2 | . . . 2 . . Hauler 11 | . . 4 4 3 . Recycler 3 | . . . 2 . 1 Operator 3 | . . 1 1 1 . Watcher 7 | . . 3 3 1 . Swarmer 6 | . . 6 . . . Grunt 43 | . 2 17 5 18 1 Brawler 2 | . . . 1 . 1 Duelist 1 | . . . . 1 . Sentry 23 | . . 8 3 12 . Specialist 2 | . . . 2 . . Hunter 2 | . . . 2 . . Scrapper 1 | . . . . . 1 Best Kill Streak 7 | . 2 5 6 7 2 Combat Bots Only 7 | . 2 5 4 7 2 Max Kills in Single Turn 2 | . 1 2 1 2 1 Gunslinging 1 | . . 1 . . . Exploded 2 | . . . . 2 . Melee 1 | . . . . . 1 Uniques/NPCs Destroyed . | . . . . . . Combat | -11 -10 -9 -8 -8 -8 -------- Run | Yrd Mat Mat Mat Sto Rec Hostile Shots Fired 624 | . 5 164 89 167 199 Missed 147 | . . 45 19 48 35 Hits 477 | . 5 119 70 119 164 Melee 4 | . . . 2 1 1 Projectile 473 | . 5 119 68 118 163 AOE 1 | . . . . . 1 Critical Strikes 20 | . . 2 4 10 4 Part Disruptions 7 | . . . . . 7 Damage Taken 6925 | . 58 1636 1113 1984 2134 Core 818 | . 11 252 128 101 326 Absorbed by Shields 180 | . . . . . 180 Regen/Repaired (Parts) 97 | . . . 97 . . Core Remaining (%) 77 | 100 95 37 . . . Volleys Fired 277 | . 5 118 68 83 3 Largest 3 | . 2 2 3 3 2 Hottest 145 | . 46 88 124 145 50 Shots Fired 601 | . 10 229 148 209 5 Gun 601 | . 10 229 148 209 5 Cannon . | . . . . . . Launcher . | . . . . . . Special . | . . . . . . Kinetic 368 | . 10 142 137 74 5 Thermal 94 | . . 87 7 . . Explosive . | . . . . . . Electromagnetic 139 | . . . 4 135 . Robot Hit Streak 23 | . 2 23 16 12 7 Robot Miss Streak 13 | . 1 13 3 4 2 Penetration Max . | . . . . . . Secondary Targets 4 | . . 1 1 2 . Max Gunslinging Chain 1 | . . 1 1 1 . Shots Hit Robots 476 | . 5 179 125 153 14 Core Hits 264 | . 3 108 72 77 4 Critical Kills 3 | . . 1 2 . . Critical Parts Destroyed 2 | . 1 . . . 1 Critical Strikes 8 | . 1 2 2 2 1 Destroy 5 | . 1 2 2 . . Corrupt 2 | . . . . 2 . Smash 1 | . . . . . 1 Melee Attacks 10 | . . . . 1 9 Impact 10 | . . . . 1 9 Slashing . | . . . . . . Piercing . | . . . . . . Sneak Attacks 2 | . . . . . 2 Combat Hostiles . | . . . . . . Follow-up Attacks . | . . . . . . Damage Inflicted 8665 | . 65 2738 2006 3147 709 Guns 7646 | . 65 2738 1922 2848 73 Cannons . | . . . . . . Explosions 333 | . . . 36 297 . Melee 628 | . . . . . 628 Ramming 58 | . . . 48 2 8 Kinetic 4600 | . 65 1645 1777 1040 73 Thermal 1511 | . . 1093 121 297 . Explosive . | . . . . . . Electromagnetic 1868 | . . . 60 1808 . Impact 628 | . . . . . 628 Slashing . | . . . . . . Piercing . | . . . . . . Highest Corruption 9 | . . . 5 6 9 Average Corruption 5 | . . . 5 5 6 Corruption Purged . | . . . . . . Corruption Blocked . | . . . . . . Effects 96 | . . . 37 38 21 Message Errors 23 | . . . 10 9 4 Matter Fused 25 | . . . 7 9 9 Heat Flow Errors 18 | . . . 10 5 3 Energy Discharges 7 | . . . 3 4 . Data Loss (minor) 9 | . . . 1 4 4 Data Loss (major) 6 | . . . 3 2 1 Misfires 3 | . . . 2 1 . Alerts 1 | . . . 1 . . Weapon Failures 4 | . . . . 4 . Overload Shots . | . . . . . . Overflow Damage 105 | . . . . . 105 Projectiles . | . . . . . . Explosions . | . . . . . . Melee 105 | . . . . . 105 Knockbacks 1 | . . . . . 1 Impact 1 | . . . . . 1 Kinetic . | . . . . . . Secondary . | . . . . . . Self-Inflicted Damage 159 | . . . 39 120 . Shots 3 | . . . 1 2 . Rammed 9 | . . . 4 1 4 Targets Rammed 11 | . . . 6 1 4 Kicked . | . . . . . . Crushed 2 | . . . 2 . . Highest Temperature 419 | . 24 308 419 384 100 Average Temperature 96 | . 11 91 118 98 37 Received Heat Transfer 2861 | . 30 669 396 1035 731 Effects 11 | . . 6 2 3 . Shutdowns 1 | . . . 1 . . Energy Bleed 4 | . . 2 1 1 . Interference 4 | . . 4 . . . Short Circuit 1 | . . . . 1 . Damage (minor) 1 | . . . . 1 . Siege Activations . | . . . . . . Martial Activations . | . . . . . . Shielding Activations . | . . . . . . Robots Disrupted . | . . . . . . Combat Hostiles . | . . . . . . Robots Corrupted 6 | . . . . 3 3 Combat Hostiles 6 | . . . . 3 3 Parts Fried 10 | . . . . 6 4 Impact Corruptions 5 | . . . . . 5 Robots Melted . | . . . . . . Combat Hostiles . | . . . . . . Parts Melted 1 | . . 1 . . . Heat Transferred 2155 | . . 1620 235 300 . Parts Sabotaged . | . . . . . . Parts Stolen . | . . . . . . Parts Stripped . | . . . . . . Power Chain Reactions 6 | . . . 1 5 . Alert | -11 -10 -9 -8 -8 -8 ------- Run | Yrd Mat Mat Mat Sto Rec Maximum Alert Level 2 | . . 1 . 2 . Low Security (%) 84 | . 100 94 100 40 100 Level 1 11 | . . 5 . 42 . Level 2 3 | . . . . 17 . Level 3 . | . . . . . . Level 4 . | . . . . . . Level 5 . | . . . . . . High Security . | . . . . . . Max Security . | . . . . . . Peak Influence 438 | . 40 296 127 438 153 Initial 153 | . . 3 122 16 153 Average 115 | . 7 109 46 246 58 Influence Increases 2698 | . 61 976 479 1009 173 Destroy 0b10 Robot/C 1580 | . 40 620 260 620 40 Destroy 0b10 Robot/NC 180 | . . 40 90 35 15 Destroy Leader 476 | . 10 194 94 178 . Successful Hack 106 | . 11 14 20 33 28 Select Force Hacks 180 | . . 90 . . 90 Disable Machine 75 | . . . 15 60 . Destroy Structure 26 | . . 3 . 23 . Lose Combat Pursuer 75 | . . 15 . 60 . Influence Decreases 2698 | . 51 696 728 657 566 Entered New Map 440 | . . 7 168 25 240 Time Decay 2004 | . 51 629 509 512 303 Lost Part 231 | . . 60 51 120 . Lost Ally 23 | . . . . . 23 Squads Dispatched 11 | . 1 5 2 3 . Investigation 3 | . . 3 . . . Extermination . | . . . . . . Reinforcement 7 | . 1 2 2 2 . Assault . | . . . . . . Garrison 1 | . . . . 1 . Intercept . | . . . . . . Searches Triggered . | . . . . . . Construction Impeded . | . . . . . . Haulers Reinforced . | . . . . . . Active Scanning Responses . | . . . . . . Cargo Convoy Interrupts . | . . . . . . Stealth | -11 -10 -9 -8 -8 -8 --------- Run | Yrd Mat Mat Mat Sto Rec Distress Signals 9 | . . 3 3 3 . Communications Jammed . | . . . . . . Distress Signals . | . . . . . . Times Spotted 121 | . 3 42 28 38 10 Peak Tracking Total 6 | . 2 5 6 6 6 Tactical Retreats 5 | . . 1 . 4 . Traps | -11 -10 -9 -8 -8 -8 ------- Run | Yrd Mat Mat Mat Sto Rec Traps Triggered 7 | . 1 2 2 2 . Indirectly . | . . . . . . Trap Hack Attempts . | . . . . . . Triggered . | . . . . . . Disarmed . | . . . . . . Reprogrammed . | . . . . . . Reused . | . . . . . . Traps Extracted . | . . . . . . Installed . | . . . . . . Triggered . | . . . . . . Machines | -11 -10 -9 -8 -8 -8 ---------- Run | Yrd Mat Mat Mat Sto Rec Machines Disabled 5 | . . . 1 4 . Max in Single Turn 1 | . . . 1 1 . Garrison Access 1 | . . . . 1 . Machines Repaired . | . . . . . . Machines Dismantled . | . . . . . . Machines Sabotaged . | . . . . . . Overloaded Fab Kills . | . . . . . . Hacking | -11 -10 -9 -8 -8 -8 --------- Run | Yrd Mat Mat Mat Sto Rec Machines Accessed 36 | . 2 10 6 9 9 Terminals 22 | . 2 7 3 5 5 Fabricators . | . . . . . . Repair Stations 2 | . . . 1 1 . Recycling Units 9 | . . 2 2 2 3 Scanalyzers 1 | . . 1 . . . Garrison Access 1 | . . . . 1 . Total Hacks 108 | . 8 37 18 23 22 Successful 63 | . 5 22 9 11 16 Failed 44 | . 3 14 9 12 6 Catastrophic 5 | . 1 1 1 2 . Database Lockouts 1 | . . 1 . . . Manual 85 | . 8 29 13 20 15 Terminals 63 | . 8 20 8 11 16 Fabricators . | . . . . . . Repair Stations 9 | . . . 5 4 . Recycling Units 27 | . . 12 5 6 4 Scanalyzers 5 | . . 5 . . . Garrison Access 2 | . . . . 2 . Terminal Hacks 10 | . 1 1 . 1 7 Part Schematic 1 | . . . . . 1 Robot Schematic 1 | . . . . . 1 Branch Access Points 1 | . . . . 1 . Terminal Index 1 | . . . . . 1 Alert Level 1 | . . . . . 1 Locate Traps 2 | . 1 1 . . . Zone Layout 1 | . . . . . 1 Release Object 2 | . . . . . 2 Fabricator Hacks . | . . . . . . Repair Station Hacks 4 | . . . 3 1 . Scan Component 3 | . . . 2 1 . Repair 1 | . . . 1 . . Recycling Unit Hacks . | . . . . . . Scanalyzer 3 | . . 3 . . . Insert Component 1 | . . 1 . . . Analyze 1 | . . 1 . . . Retrieve Study 1 | . . 1 . . . Garrison Access Hacks 1 | . . . . 1 . Seal Access 1 | . . . . 1 . Unauthorized Hacks 45 | . 4 18 6 8 9 Terminals 31 | . 4 11 5 5 6 Track 1 | . 1 . . . . Botnet 14 | . 1 5 2 4 2 Operators 3 | . 1 1 1 . . Skim 13 | . 1 5 2 1 4 Fabricators . | . . . . . . Repair Stations . | . . . . . . Recycling Units 13 | . . 6 1 3 3 Reject 3 | . . 2 . 1 . Mask 5 | . . 2 1 2 . Tunnel 5 | . . 2 . . 3 Scanalyzers 1 | . . 1 . . . Extract 1 | . . 1 . . . Garrison Access . | . . . . . . Data Cores Recovered 1 | . . . 1 . . Used . | . . . . . . Hacking Detections 29 | . 2 8 6 9 4 Full Trace Events 2 | . . 1 . 1 . Feedback Events . | . . . . . . Feedback Blocked . | . . . . . . Robot Schematics Acquired 1 | . . . . . 1 Robots Built . | . . . . . . Authchips . | . . . . . . Time . | . . . . . . Total Robot Build Rating . | . . . . . . Part Schematics Acquired 14 | . . 13 . . 1 Parts Built . | . . . . . . Authchips . | . . . . . . Time . | . . . . . . Total Part Build Rating . | . . . . . . Part Studies Acquired 1 | . . 1 . . . Parts Repaired 1 | . . . 1 . . Time 44 | . . . 44 . . Parts Recycled . | . . . . . . Recycled Matter . | . . . . . . Retrieved Matter . | . . . . . . Retrieved Components . | . . . . . . Parts Scanalyzed 1 | . . 1 . . . Part Schematics Acquired 1 | . . 1 . . . Parts Damaged . | . . . . . . Bothacking | -11 -10 -9 -8 -8 -8 ------------ Run | Yrd Mat Mat Mat Sto Rec Used RIF Installer . | . . . . . . Robots Hacked . | . . . . . . Non-combat . | . . . . . . Combat . | . . . . . . Robot Hacks Applied . | . . . . . . Relay Couplers Released . | . . . . . . Fabnet Peak Effective % . | . . . . . . Robots Rewired 13 | . . . . . 13 Allies Hacked . | . . . . . . Hacks Repelled . | . . . . . . Allies | -11 -10 -9 -8 -8 -8 -------- Run | Yrd Mat Mat Mat Sto Rec Total Allies 13 | . . . . . 13 Largest Group 13 | . . . . . 13 Highest-Rated Group 193 | . . . . . 193 Highest-Rated Ally 27 | . . . . . 27 Total Orders . | . . . . . . Ally Attacks 7 | . . . . . 7 Total Damage 144 | . . . . . 144 Kills 2 | . . . . . 2 Allies Corrupted . | . . . . . . Allies Melted . | . . . . . . Intel | -11 -10 -9 -8 -8 -8 ------- Run | Yrd Mat Mat Mat Sto Rec Active Infowar (turns) 2991 | . 179 2812 . . . Sensors 2810 | . . 2810 . . . Structural 529 | . 179 350 . . . Robot Analysis Total . | . . . . . . Derelict Logs Recovered . | . . . . . . Drone Launches . | . . . . . . Drone Recoveries . | . . . . . . Exploration | -11 -10 -9 -8 -8 -8 ------------- Run | Yrd Mat Mat Mat Sto Rec Turns Passed 7360 | . 226 3049 1741 1576 768 Spaces Moved 3148 | 1 151 1331 813 541 311 Core 1 | . . . 1 . . Treads 1089 | . . . 237 541 311 Legs 1505 | 1 151 1331 22 . . Wheels 553 | . . . 553 . . Hover . | . . . . . . Flight . | . . . . . . Fastest Speed 120 | 120 120 120 145 170 170 Average Speed 183 | 120 120 188 166 221 173 Slowest Speed 950 | 120 120 260 950 410 330 Overloaded Moves . | . . . . . . Propulsion Burnouts . | . . . . . . Robots Hopped . | . . . . . . Potential Cave-ins . | . . . . . . Cave-ins Triggered . | . . . . . . Exploration Rate (%) 50 | 1 26 83 44 82 69 Regions Visited 5 Branch Regions 2 Pre-discovered Areas 5 | . . 2 . . 3 Known Exits Taken 3 | . . 1 1 1 . Unknown Exits Taken 2 | 1 1 . . . . Scrap Searched . | . . . . . . Spaces Dug . | . . . . . . Terrain Destroyed 20 | . . . . 20 . Melee . | . . . . . . Projectile . | . . . . . . AOE 20 | . . . . 20 . Terrain Rammed . | . . . . . . Walls Destroyed . | . . . . . . Machines Disabled . | . . . . . . Actions | -11 -10 -9 -8 -8 -8 --------- Run | Yrd Mat Mat Mat Sto Rec Total 4159 | . 191 1667 1052 737 512 Wait 379 | . 5 147 114 82 31 Move 3143 | . 150 1330 812 540 311 Hop . | . . . . . . Pick Up 75 | . 11 28 21 10 5 Fast Attach 7 | . 1 2 2 2 . Attach 42 | . 3 9 9 15 6 Detach 1 | . . 1 . . . Swap 33 | . 6 14 10 2 1 Drop 40 | . 10 18 10 1 1 Fire 277 | . 5 118 68 83 3 Melee 10 | . . . . 1 9 Ram 1 | . . . 1 . . Kick . | . . . . . . Crush 10 | . . . 5 1 4 Escape Stasis . | . . . . . . Rewire 141 | . . . . . 141 Trap . | . . . . . . Miscellaneous . | . . . . . . Route ------- -11/Scrapyard -10/Materials (discovered 2 exits: *Mat / [*Min]) -9/Materials (discovered 4 exits: *Mat x3 / *Min) -8/Materials (discovered 5 exits: Fac x3 / *Sto x2) -8/Storage (discovered 2 exits: *Fac / *Rec) -8/Recycling History --------- Turn | Location | Event 1 | -11/Scrapyard | Discovered new exit (range 0) 1 | -11/Scrapyard | Entered Materials 8 | -10/Materials | Discovered new exit (range 16) 190 | -10/Materials | Discovered new exit (range 12) 227 | -10/Materials | Entered another Materials area 227 | -9/Materials | Evolved 2 slots: Utility x2 509 | -9/Materials | Build established: Skirmisher 583 | -9/Materials | Discovered new exit (range 8) 597 | -9/Materials | Central database locked down 869 | -9/Materials | Build established: Mutant 875 | -9/Materials | Discovered new exit (range 16) 1464 | -9/Materials | Learned Storage emergency access door positions 1564 | -9/Materials | Identified exit to Mines 1596 | -9/Materials | Identified exit to Materials 1627 | -9/Materials | Learned location of 2 exits from Materials 1650 | -9/Materials | Learned location of 2 exits from Materials 1681 | -9/Materials | Learned Storage terminal intel 1837 | -9/Materials | Core integrity fell below 50% 3109 | -9/Materials | Lost 3 parts (2n1u) 3276 | -9/Materials | Entered another Materials area 3276 | -8/Materials | Evolved 2 slots: Propulsion x1, Weapon x1 3277 | -8/Materials | Identified exit to Storage 3278 | -8/Materials | Identified exit to Factory 3455 | -8/Materials | Repaired Broken Imp. Aluminum Leg 4383 | -8/Materials | Lost 4 parts (3n1u) 4872 | -8/Materials | Build established: Gunner 5017 | -8/Materials | Entered Storage 5019 | -8/Storage | Loaded intel: 12 terminal locations 5135 | -8/Storage | Garrison activated, responded to threat 5186 | -8/Storage | Lost 4 parts (1p1u2w) 5188 | -8/Storage | Destroyed 7 combat bots 5805 | -8/Storage | Discovered exit to Factory (range 15) 6233 | -8/Storage | Identified exit to Recycling 6385 | -8/Storage | Used back door to open Recycling access 6529 | -8/Storage | Met 01-MTF 6556 | -8/Storage | Build established: Mutant 6593 | -8/Storage | Entered Recycling 6593 | -8/Recycling | Accompanied by 1 ally (01-MTF) 7261 | -8/Recycling | Scanned before Scraplab entrance 7295 | -8/Recycling | Entered Scraplab 7301 | -8/Recycling | Angered Scraplab inhabitants 7302 | -8/Recycling | Found Prototype Device 7311 | -8/Recycling | Identified Scrap Engine 7319 | -8/Recycling | Core integrity fell below 50% 7345 | -8/Recycling | Core integrity fell below 20% 7358 | -8/Recycling | Lost 13 allies 7361 | -8/Recycling | Destroyed by KN-7UR with KN-7UR's Autopenetrator Last Messages --------------- 07355_ Thermabolt penetrates Wall. 07357_ Wall collapses. 07357_ Penetrated by Thermabolt. 07357_ Thermabolt penetrates Wall. 07357_ Penetrated by Thermabolt. 07357_ Thermabolt penetrates Wall. 07357_ Penetrated by Thermabolt. 07357_ Thermabolt penetrates Wall. 07357_ Penetrated by Thermabolt. 07357_ Thermabolt penetrates Wall. 07359_ Adv. Targeting Computer destroyed. 07359_ Penetrated by Thermabolt. 07359_ Thermabolt penetrates Wall. 07359_ Penetrated by Thermabolt. 07359_ Hpw. Shotgun destroyed. 07359_ Thermabolt penetrates Wall. 07359_ Penetrated by Thermabolt. 07359_ Slammed into KN-7UR. 07361_ Lgt. Nuclear Core destroyed. 07361_ Penetrated by Thermabolt. Map ----- +----------------------------------------------------+ | | | | | | | | | | | | | | | | | | | | | | | | | | | | | | | | | | | | | | | | | | | ????????????????????????????#########????????????? | | ???????????????????????????##""=" ""#????????????? | | ???????????????????????#### #! %* " ## #?????????? | | ?????????????????????###p#;;#*%==! #?????????? | | ?????????????????????#;=[@h%![*!= #?????????? | | ?????????????????????#*% !#;#%%[= c "#?????????? | | ?????????????????????#;=%## #=! ""#?????????? | | ?????????????????????##%#####"& "& X ""#?????????? | | ??????????????????????#!#???#"""""""" #?????????? | | ???????????????????###=!################?????????? | | ???????????????????# **%! #?????????????????????? | | ???????????????????# #?????????????????????? | | ???????????????????# = #?????????????????????? | | ???????????????????# !%! #?????????????????????? | | ???????????????????####+####?????????????????????? | | ??????????????????????# #????????????????????????? | | ??????????????????????# #????????????????????????? | | ??????????????????????# #????????????????????????? | | ???????????????????####+#####????????????????????? | | ???????????????????# #????????????????????? | | ???????????????????# """"" #????????????????????? | | ???????????????????# """"" #????????????????????? | | ???????????????????# """"" #????????????????????? | | ???????????????????# #????????????????????? | | ???????????????????# #????????????????????? | | ???????????????????# "T" #????????????????????? | | ???????????????????# """ #????????????????????? | | ???????????????????# #????????????????????? | | ???????????????????##/##/####????????????????????? | +----------------------------------------------------+ Best States ------------- Heat Dissipation 45 Energy Generation 14 Energy Capacity 280 Matter Stores 300 Matter Capacity 300 Sight Range 16 Robot Scan Range 14 Terrain Scan Density 10 Armor Coverage 375 Evasion (%) 55 Targeting Accuracy 8 Recoil Reduction 3 Item Schematics ----------------- Shotgun | -9/Materials | Scanalyzed Med. Matter Pod | -9/Materials | Extracted Plasma Cutter | -9/Materials | Extracted Lrg. Matter Pod | -9/Materials | Extracted Hammer | -9/Materials | Extracted Power Shielding | -9/Materials | Extracted Imp. Assault Rifle | -9/Materials | Extracted Particle Gun | -9/Materials | Extracted VTOL Module | -9/Materials | Extracted Hcp. Storage Unit | -9/Materials | Extracted Hvy. Assault Rifle | -9/Materials | Extracted Ion Engine | -9/Materials | Extracted Imp. EM Shotgun | -9/Materials | Extracted Imp. Medium Treads | -8/Recycling | Hacked Robot Schematics ------------------ W-16 Scout | -8/Recycling | Hacked Fabricated ------------ Nothing Repaired ---------- Imp. Aluminum Leg | 3% | -8/Materials | Broken Studied --------- Shotgun | -9/Materials | Hacked Alien Tech Used ----------------- None Achievements -------------- Frienemies Challenges ------------ None Game ------ Seed ActiveThiefSaw Manual? 0 Play Time 00:48:01 Cumulative 94.6 hours Start 2026.01.01 @ 16:14:35 End 2026.01.01 @ 17:02:01 Sessions 1 Manual Loads 0 Difficulty Rogue Special Mode None Game No. 152 Rogue 126 Adventurer 20 Explorer 6 Win Type - Total 2 Types 1/0/0/1/0/0/0/0/0/0 Lore% 58 Gallery% 48 Achievement% 39 Wizard Run 0 Options --------- Layout 1 ASCII 0 Keyboard 0 Movement Numpad Keybinds 0 Fullscreen 2 Font 24/Smallcaps Map View 50x35 Zoom Use 0% Tactical HUD 1 Map Filters NONE Filters NONE Steam 1 RUN: c8682566-3ad4-4da4-887a-73c96f972e68